 Dungeon Crawl Stone Soup version 0.30.1-11-g7821555f0a (webtiles) character file.

Game seed: 3367941710863593247

877 Cheops the Basher (level 8, -4/61 (74) HPs)
             Began as an Ogre Gladiator on Dec 11, 2023.
             Slain by Edmund
             ... wielding a +1 dire flail of draining
              (6 damage)
             ... on level 6 of the Dungeon.
             The game lasted 00:10:20 (5896 turns).

Cheops the Basher (Ogre Gladiator)                  Turns: 5896, Time: 00:10:21

HP:   -4/61 (74)    AC:  7    Str: 21    XL:     8   Next: 4%
MP:   8/8           EV: 10    Int:  9    God:
Gold: 170           SH:  0    Dex: 10    Spells: 7/7 levels left

rFire   + . .        a - +0 flail
rCold   . . .        n - orb {light}
rNeg    . . .        b - +0 robe
rPois   .            c - +0 hat
rElec   .            (no cloak)
rCorr   .            (gloves unavailable)
SInv    .            (boots unavailable)
Will    .....        (no amulet)
Stlth   +            p - +4 ring of protection
HPRegen 0.30/turn    r - ring of protection from fire
MPRegen 0.11/turn

%: no passive effects
@: glowing, heavily drained
A: large, unfitting armour, tough skin 1
a: no special abilities


You were on level 6 of the Dungeon.
You visited 1 branch of the dungeon, and saw 6 of its levels.

You collected 170 gold pieces.

Inventory:

Hand Weapons
 a - a +0 flail (weapon)
Missiles
 d - 3 throwing nets
 e - a large rock (quivered)
Armour
 b - a +0 robe (worn)
 c - a +0 hat (worn)
 l - a scarf of invisibility
 n - an orb of light (worn)
Magical Staves
 w - a staff of earth
Jewellery
 p - a +4 ring of protection (left hand)
 r - a ring of protection from fire (right hand)
Scrolls
 f - a scroll of poison
 g - a scroll of teleportation
 h - a scroll of amnesia
 i - a scroll of magic mapping
 k - a scroll of butterflies
 m - a scroll of fog {unknown}
 o - a scroll of vulnerability {unknown}
 u - a scroll of torment {unknown}
 v - a scroll of enchant armour {unknown}
 x - a scroll of noise {unknown}
Potions
 j - 2 potions of curing
 q - a potion of mutation {unknown}
 s - 3 potions of degeneration {unknown}
 t - a potion of magic {unknown}


   Skills:
 - Level 2.6 Fighting
 + Level 8.6 Maces & Flails
 - Level 2.0 Throwing
 - Level 2.6 Dodging


You had 7 spell levels left.
You didn't know any spells.
Your spell library contained the following spells:

 Spells                   Type           Power      Damage    Failure   Level
 Sting                    Tmut/Pois      0%         1d3       38%         1
 Poisonous Vapours        Pois/Air       0%         N/A       52%         2
 Portal Projectile        Hex/Tloc       0%         N/A       77%         3
 Tukima's Dance           Hex            0%         N/A       77%         3
 Vhi's Electric Charge    Tloc/Air       0%         N/A       77%         3
 Olgreb's Toxic Radiance  Pois           0%         N/A       99%         4
 Arcjolt                  Conj/Air       0%         1d10      100%        5
 Blade Hands              Tmut           0%         N/A       100%        5
 Plasma Beam              Fire/Air       0%         2x1d11    100%        6


Dungeon Overview and Level Annotations

Branches:
Dungeon (6/15)
 Temple: D:4-7

Altars:
Cheibriados
Elyvilon
Fedhas
Kikubaaqudgha
Makhleb
Nemelex Xobeh
Uskayaw
Wu Jian
The Shining One

Shops:
D:1 :

Annotations:
D:6 Edmund


Innate Abilities, Weirdness & Mutations

You are too large for most types of armour.
You have tough skin. (AC +1)


Message History

* * * LOW HITPOINT WARNING * * *
You hit Edmund but do no damage.
Edmund is lightly wounded.
Edmund hits you with a +1 dire flail of draining.
* * * LOW HITPOINT WARNING * * *
You feel drained.
* * * LOW HITPOINT WARNING * * *
You hit Edmund.
Edmund is lightly wounded.
Edmund hits you with a +1 dire flail of draining.
* * * LOW HITPOINT WARNING * * *
You feel drained.
* * * LOW HITPOINT WARNING * * *
You sock Edmund!
Edmund is moderately wounded.
Edmund completely misses you.
You hit Edmund.
Edmund is moderately wounded.
Edmund misses you.
You sock Edmund!
Edmund is heavily wounded.
Edmund hits you with a +1 dire flail of draining.
* * * LOW HITPOINT WARNING * * *
You feel drained.
You hit Edmund but do no damage.
Edmund is heavily wounded.
Edmund hits you with a +1 dire flail of draining.
* * * LOW HITPOINT WARNING * * *
You feel drained.
* * * LOW HITPOINT WARNING * * *
You barely miss Edmund.
Edmund is heavily wounded.
Edmund hits you with a +1 dire flail of draining!
* * * LOW HITPOINT WARNING * * *
You feel drained.
* * * LOW HITPOINT WARNING * * *
You sock Edmund!
Edmund is severely wounded.
Edmund hits you with a +1 dire flail of draining.
You die...

##..#....##..##
##...######..#
#..## ##.. ##..#
##. ##<.## ##
##...# ## ##....#
#. ##.....# #.
#@.....# ##.
#..@......# #..
..............
##..
......#######....
#... .....# ##...
#... ....# #..
..... ....
....... ###
###..... ......


You could see Edmund.

Vanquished Creatures
  An ogre (D:5)
  A centaur (D:5)
  A gnoll bouda (D:4)
  A hound (D:5)
  2 jellies (D:5)
  2 orc priests
  2 iguanas (D:5)
  3 orc wizards
  2 sleepcaps
  Natasha (thrice) (D:2)
  8 adders
  8 gnolls
  A shadow imp (D:6)
  A worm (D:2)
  3 dart slugs
  7 orcs
  13 ball pythons
  5 endoplasms
  4 giant cockroaches
  10 goblins
  8 hobgoblins
  8 jackals
  10 kobolds
  A quokka (D:2)
  8 bats
  9 frilled lizards
  6 rats
128 creatures vanquished.

Notes
Turn   | Place    | Note
-------+----------+-------------------------------------------
     0 | D:1      | Cheops the Ogre Gladiator began the quest for the Orb.
     0 | D:1      | Reached XP level 1. HP: 22/22 MP: 1/1
    80 | D:1      | Reached skill level 3 in Maces & Flails
   134 | D:1      | Reached XP level 2. HP: 29/29 MP: 2/2
   477 | D:1      | Reached XP level 3. HP: 36/36 MP: 3/3
   494 | D:1      | Found Noxep's Book Emporium.
   839 | D:2      | Reached skill level 4 in Maces & Flails
  1170 | D:2      | Noticed Natasha
  1180 | D:2      | Killed Natasha
  1181 | D:2      | Reached XP level 4. HP: 11/44 MP: 4/4
  1326 | D:2      | Noticed Natasha
  1335 | D:2      | Killed Natasha
  1552 | D:3      | Reached skill level 5 in Maces & Flails
  1552 | D:3      | Reached XP level 5. HP: 48/50 MP: 5/5
  1778 | D:3      | Found a hide-covered altar of Uskayaw.
  1903 | D:3      | Found a glowing golden altar of the Shining One.
  1903 | D:3      | Found a blossoming altar of Fedhas.
  2327 | D:2      | Noticed Natasha
  2338 | D:2      | Killed Natasha
  2339 | D:2      | Reached skill level 6 in Maces & Flails
  2339 | D:2      | Reached XP level 6. HP: 8/59 MP: 6/6
  2955 | D:3      | Found a hide-covered altar of Uskayaw.
  3044 | D:3      | Found a glowing golden altar of the Shining One.
  3046 | D:3      | Found a blossoming altar of Fedhas.
  4369 | D:4      | Reached skill level 7 in Maces & Flails
  4369 | D:4      | Reached XP level 7. HP: 64/66 MP: 7/7
  4585 | D:5      | Entered Level 5 of the Dungeon
  4777 | D:5      | Found a snail-covered altar of Cheibriados.
  4777 | D:5      | Found an ancient bone altar of Kikubaaqudgha.
  4777 | D:5      | Found an ornate altar of the Wu Jian Council.
  4777 | D:5      | Found a white marble altar of Elyvilon.
  4785 | D:5      | Found a burning altar of Makhleb.
  4790 | D:5      | Found a sparkling altar of Nemelex Xobeh.
  5009 | D:5      | Reached skill level 8 in Maces & Flails
  5798 | D:6      | Reached XP level 8. HP: 61/74 MP: 8/8
  5879 | D:6      | Noticed Edmund
  5895 | D:6      | HP: 1/61 [Edmund/+1 dire flail of draining (4)]
  5896 | D:6      | Slain by Edmund

Illustrated notes

Levels and vault maps discovered:
D:1:      zaba_arrival_water, layout_loops_ring, serial_shops, shop,
          minmay_tromino_v4_a
D:2:      layout_rooms, uniq_natasha
D:3:      minmay_bubble_buster, layout_loops_ring, overflow_temple_1_default,
          mainiacjoe_overflow_divided_tiny, minmay_misc_feat_five
D:4:      layout_basic, st_stairs_9, nrook_loot_triangle
D:5:      layout_gridville, minmay_overflow_temple_hex
D:6:      layout_layer_cave, st_stairs_5, uniq_edmund, uniq_prince_ribbit1,
          uniq_grinder

Skill      XL: |  1  2  3  4  5  6  7 |
---------------+----------------------+-----
Maces & Flails | 3 4 5 6 7 8 |  8.6
Fighting       | |  2.6
Throwing       | |  2.0
Dodging        | |  2.6

Action                     |  1- 3 |  4- 6 |  7- 9 || total
---------------------------+-------+-------+-------++-------
  Melee: Flail             |   132 |   205 |    89 ||   426
         Punch             |     2 |       |       ||     2
    Use: Potion            |       |     4 |       ||     4
         Scroll            |       |     8 |       ||     8
   Stab: Sleeping          |     2 |       |       ||     2
 Armour: Robe              |    55 |    96 |    33 ||   184
  Dodge: Dodged            |    89 |   132 |    31 ||   252
